AoeStats
← ASHBORN

Arabia

509783706Analyzed
2v2 RM · 5d ago on Sep 28, 2026· 37m 31s· 4 players
Game mode
Random Map
Map size
Medium (4 player)
Population
200
Speed
Normal
Resources
Standard
Victory
Conquest
Starting age
Dark Age
Ending age
Imperial Age
RankedLock teamsTeams togetherTeam positionsShared explorationLock speedFull tech treeHidden civsTurbo modeCheats
Victory
Defeat
🇧🇷 Ethiopians · Brazil
1457
+12
🇧🇷 Franks · Brazil
1414
+15
🇨🇴 Varangians · Colombia
1528
-19
🇨🇴 Khmer · Colombia
1222
-8
ELEG | IronLeg
6:15 Loom
8:56 Feudal Age
9:28 Double-Bit Axe
14:37 Bloodlines
17:15 Scale Barding Armor
24:08 Castle Age
23:28 Horse Collar
23:38 Gold Mining
28:56 Forging
35:54 Chain Barding Armor
36:24 Wheelbarrow
36:43 Husbandry
ASHBORN
6:10 Loom
9:35 Feudal Age
14:48 Fletching
15:23 Padded Archer Armor
21:16 Castle Age
19:15 Double-Bit Axe
19:28 Horse Collar
21:20 Crossbowman
21:58 Bodkin Arrow
23:45 Gold Mining
25:48 Gold Shaft Mining
25:40 Ballistics
29:06 Scale Barding Armor
29:19 Leather Archer Armor
33:33 Pikeman
xand3
6:21 Loom
8:52 Feudal Age
9:19 Double-Bit Axe
13:21 Scale Barding Armor
15:54 Forging
22:35 Castle Age
22:34 Gold Mining
22:36 Light Cavalry
23:37 Chain Barding Armor
23:20 Husbandry
27:44 Iron Casting
29:32 Wheelbarrow
34:49 Bow Saw
pIpOcAo
7:17 Loom
9:43 Feudal Age
10:25 Double-Bit Axe
14:34 Fletching
18:00 Horse Collar
24:37 Castle Age
23:05 Gold Mining
24:42 Crossbowman
25:18 Bodkin Arrow
25:36 Bow Saw
26:06 Thumb Ring
31:19 Ballistics
36:26 Imperial Age
34:00 Stone Mining
36:22 Wheelbarrow
37:01 Arbalester
37:41 Bracer
Connection lost

Rejoining the realm…

Still unreachable

The connection could not be restored.

Session expired

The server has moved on; the page needs a fresh start.